 Dungeon Crawl Stone Soup version 0.19-a0-1912-g48530cd (webtiles) character file.

1818 Firecrotchwizard the Destroyer (level 8, -10/41 HPs)
             Began as a Deep Elf Conjurer on Dec 16, 2016.
             Was an Initiate of Vehumet.
             Mangled by a yak (17 damage)
             ... on level 6 of the Dungeon.
             The game lasted 00:18:22 (6259 turns).

Firecrotchwizard the Destroyer (Deep Elf Conjurer)  Turns: 6259, Time: 00:18:24

Health: -10/41     AC:  2    Str:  7    XL:     8   Next: 85%
Magic:  5/20       EV: 15    Int: 21    God:    Vehumet [......]
Gold:   232        SH:  0    Dex: 12    Spells: 8/20 levels left

rFire  . . .     SeeInvis .     f - -1 short sword (curse)
rCold  . . .     Faith    +     D - +0 robe (curse)
rNeg   . . .     Spirit   .     (no shield)
rPois  .         Reflect  .     (no helmet)
rElec  .                        (no cloak)
rCorr  .                        (no gloves)
MR     +....                    (no boots)
Stlth  ++........               p - amulet of faith
                                y - -3 ring of dexterity (curse)
                                g - ring of protection from magic

@: no status effects
A: no striking features
a: Renounce Religion


You were on level 6 of the Dungeon.
You worshipped Vehumet.
Vehumet was noncommittal.
You were not hungry.

You visited 2 branches of the dungeon, and saw 7 of its levels.

You collected 232 gold pieces.

Inventory:

Hand Weapons
 c - a +0 dagger
 d - a +3 dagger
 f - a cursed -1 short sword (weapon)
 h - a cursed -1 short sword
 u - a +0 antimagic dagger
 B - a +2 whip of freezing
Armour
 a - a +1 robe
 D - a cursed +0 robe (worn)
Jewellery
 g - a ring of protection from magic (left hand)
 j - an uncursed ring of ice
 p - an amulet of faith (around neck)
 s - an uncursed ring of positive energy
 w - an uncursed ring of protection from cold
 y - a cursed -3 ring of dexterity (right hand)
 F - an uncursed ring of positive energy
Wands
 l - a wand of random effects (18/48)
 C - a wand of polymorph (7/24)
 E - a wand of enslavement (17/24)
Scrolls
 i - a scroll of blinking
 q - 4 scrolls of identify
 r - 2 scrolls of noise
Potions
 e - 3 potions of cancellation
 k - a potion of mutation {unknown}
 m - 2 potions of heal wounds
 n - a potion of ambrosia {unknown}
 o - a potion of haste {unknown}
 t - a potion of flight {unknown}
 v - a potion of lignification {unknown}
 x - 2 potions of curing {unknown}
 z - a potion of might {unknown}
 A - a potion of brilliance {unknown}
Books
 b - a book of Conjurations

   Spells                             Type                      Level
   a - Magic Dart                     Conjuration                  1
   b - Searing Ray                    Conjuration                  2
   c - Dazzling Spray                 Conjuration/Hexes            3
   d - Fulminant Prism                Conjuration/Hexes            4
   e - Iskenderun's Mystic Blast      Conjuration                  4
   f - Iskenderun's Battlesphere      Conjuration/Charms           5


   Skills:
 + Level 6.4 Dodging
 - Level 2.4 Stealth
 + Level 6.8 Spellcasting
 * Level 8.9 Conjurations
 * Level 8.2 Charms


You had 8 spell levels left.
You knew the following spells:

 Your Spells              Type           Power        Failure   Level  Hunger
a - Magic Dart            Conj           ####         1%          1    None
b - Searing Ray           Conj           #####.       1%          2    None
c - Iskenderun's Mystic   Conj           #####...     2%          4    ###....
d - Iskenderun's Battles  Conj/Chrm      #####...     10%         5    #####..


Dungeon Overview and Level Annotations

Branches:
Dungeon (6/15)             Temple (1/1) D:5
   Lair: D:-1         Crypt: Vaults:-1     Tomb: Vaults:-1

Altars:
Ashenzari
Cheibriados
Dithmenos
Elyvilon
Fedhas
Gozag
Hepliaklqana
Kikubaaqudgha
Makhleb
Nemelex Xobeh
Okawaru
Qazlal
Ru
Sif Muna
Trog
Uskayaw
Vehumet
Xom
Yredelemnul
Zin
The Shining One


Message History

The barrage of energy hits the yak.
The yak is moderately wounded.
The hound bites you (1).
* * * LOW HITPOINT WARNING * * *
The yak completely misses you. The worker ant completely misses you.
The yak closely misses you. The hound bites you (2).
* * * LOW HITPOINT WARNING * * *
A yak and an orc come into view.
Casting: Magic Dart
Confirm with . or Enter, or press ? or * to list all spells.
Aiming: Magic Dart
Press: ? - help, Shift-Dir - straight line, f/p - yak
Aim: a yak (moderately wounded)
The magic dart hits the yak.
The yak is heavily wounded.
Your battlesphere fires!
The barrage of energy hits the yak.
The yak is heavily wounded.
The yak gores you (17)!
You die...

.$.... ......
...... #S...#
##).l..## #
#.......##.#
......YaY..###.
#......@h.....o
##.*...#...##..
#..... .......
#..... .......
####.. ......#
#.# ...##.. #.
...# . #Y #.##


You could see 3 yaks, an iguana, a hound, a worker ant, an adder, an orc and a
friendly battlesphere.

Vanquished Creatures
  Pikel (D:5)
  A yak (D:5)
  Sigmund (D:2)
  A water moccasin (D:4)
  A phantom (D:4)
  2 slaves
  2 ogres (D:5)
  A scorpion (D:5)
  A wyvern skeleton (D:3)
  A crimson imp (D:5)
  A howler monkey (D:3)
  4 hounds
  An orc priest (D:5)
  5 orc wizards
  Natasha (D:2)
  2 worker ants
  A killer bee zombie (D:3)
  2 gnolls (D:5)
  7 adders
  2 oozes
  A dart slug (D:3)
  3 leopard geckos
  28 orcs
  7 bats
  5 giant cockroaches
  11 goblins
  3 hobgoblins
  3 jackals (D:4)
  2 quokkas (D:3)
  A ball python (D:1)
  6 frilled lizards
  8 kobolds
  10 rats
126 creatures vanquished.

Vanquished Creatures (others)
  2 slaves (D:5)
  A crimson imp (D:5)
  A hound skeleton (D:5)
  2 gnolls (D:5)
  A giant cockroach (D:5)
7 creatures vanquished.

Grand Total: 133 creatures vanquished

Notes
Turn   | Place    | Note
-------+----------+-------------------------------------------
     0 | D:1      | Firecrotchwizard the Deep Elf Conjurer began the quest for the Orb.
     0 | D:1      | Reached XP level 1. HP: 10/10 MP: 6/6
   156 | D:1      | Reached XP level 2. HP: 15/15 MP: 6/8
   303 | D:1      | Learned a level 2 spell: Searing Ray
   597 | D:1      | Reached XP level 3. HP: 19/19 MP: 7/9
   776 | D:2      | Reached skill level 5 in Conjurations
  1287 | D:2      | Noticed Sigmund
  1292 | D:2      | Killed Sigmund
  1292 | D:2      | Reached XP level 4. HP: 24/24 MP: 4/12
  1292 | D:2      | Reached XP level 5. HP: 28/28 MP: 4/13
  1531 | D:2      | Noticed Natasha
  1534 | D:2      | Killed Natasha
  1742 | D:3      | Learned a level 4 spell: Iskenderun's Mystic Blast
  1748 | D:3      | Learned a level 5 spell: Iskenderun's Battlesphere
  1804 | D:3      | Reached XP level 6. HP: 26/32 MP: 3/15
  2012 | D:3      | Reached skill level 1 in Charms
  2378 | D:3      | Found a shadowy altar of Dithmenos.
  2555 | D:3      | Found a faded altar of an unknown god.
  2637 | D:3      | Reached skill level 5 in Spellcasting
  2733 | D:4      | Noticed a water moccasin
  2814 | D:4      | Reached skill level 5 in Dodging
  3022 | D:4      | Killed a water moccasin
  3022 | D:4      | Reached XP level 7. HP: 36/36 MP: 2/16
  3670 | D:5      | Entered Level 5 of the Dungeon
  3862 | D:5      | Reached skill level 5 in Charms
  3993 | D:5      | Noticed Pikel
  4451 | D:5      | Killed Pikel
  4451 | D:5      | Reached XP level 8. HP: 41/41 MP: 6/19
  5060 | D:5      | Found a staircase to the Ecumenical Temple.
  5071 | Temple   | Entered the Ecumenical Temple
  5195 | Temple   | Became a worshipper of Vehumet
  6259 | D:6      | Mangled by a yak

Vault maps used:
D:1:      grunt_arrival_crossed_arrows, minmay_close_crescents
D:2:      serial_bayou_pond_b, uniq_sigmund, uniq_natasha
D:3:      grunt_dithmenos_smoke_and_mirrors, ecumenical_altar_1,
          corexii_corridor_pit
D:5:      first_bread, uniq_pikel
D:6:      uniq_duvessa, uniq_menkaure
Temple:   regret_index_temple_chain_breaker

Skill      XL: |  1  2  3  4  5  6  7  8 |
---------------+-------------------------+-----
Dodging        | 3 4 5 6 |  6.4
Conjurations   | 6 8 |  8.9
Spellcasting   | 4 5 6 |  6.8
Charms         | 4 6 8 |  8.2
Stealth        | |  2.4

Action                   |  1- 3 |  4- 6 |  7- 9 || total
-------------------------+-------+-------+-------++-------
Melee: Short sword       |       |    11 |    21 ||    32
 Cast: Magic Dart        |    64 |   104 |   159 ||   327
       Searing Ray       |     2 |     6 |     5 ||    13
       Iskenderun's Myst |       |       |     4 ||     4
       Iskenderun's Batt |       |       |     9 ||     9
  Use: Scroll            |     5 |     1 |     1 ||     7
Armor: Robe              |       |     2 |    10 ||    12
Dodge: Dodged            |     4 |    28 |    42 ||    74
